 Dungeon Crawl Stone Soup version 0.31-a0-986-g5e6e4ef867 (webtiles) character file.

Game seed: 2462320394078624687

39 Xavori the Trooper (level 3, 0/30 HPs)
             Began as a Djinni Chaos Knight on Nov 3, 2023.
             Was a Plaything of Xom.
             Slain by Terence
             ... wielding a +0 flail
              (6 damage)
             ... on level 2 of the Dungeon.
             The game lasted 00:01:35 (4194 turns).

Xavori the Trooper (Djinni Chaos Knight)            Turns: 4194, Time: 00:01:35

Health: 0/30       AC:  0    Str: 11    XL:     3   Next: 70%
Gold:   30         EV: 15    Int: 13    God:    Xom [...*..] SH:  0 Dex: 14

rFire   . . .        a - melded +0 falchion (chaos)
rCold   . . .        (shield currently unavailable)
rNeg    . . .        b - melded +2 leather armour
rPois   ∞            (helmet currently unavailable)
rElec   .            (cloak currently unavailable)
rCorr   .            (gloves currently unavailable)
SInv    .            (boots unavailable)
Will    .....        (no amulet)
Stlth   +            (ring currently unavailable)
HPRegen 0.25/turn    (ring currently unavailable)
MPRegen 0.00/turn

%: infuse magic (-1 HP)
@: pig-form, flying, very quick
A: fast, flying, no casting, sickness immunity, small, (fire resistance 2),
(cold vulnerability 2), float, innate caster, HP casting, extra vitality 1,
(iridescent scales 1)
a: Renounce Religion


You were on level 2 of the Dungeon.
You worshipped Xom.
You were a favourite toy of Xom.
You were a filthy swine.
You visited 1 branch of the dungeon, and saw 2 of its levels.

You collected 30 gold pieces.

Inventory:

Hand Weapons
 a - a +0 falchion of chaos (melded)
Armour
 b - a +2 leather armour (melded)
Scrolls
 c - a scroll of butterflies
 e - 2 scrolls of identify {unknown}
Potions
 d - a potion of invisibility {unknown}
 f - a potion of attraction {unknown}


   Skills:
 + Level 3.2 Fighting
 + Level 3.0 Long Blades
 + Level 1.5 Armour
 + Level 2.6 Dodging
 * Level 1.0 Spellcasting
 * Level 1.0 Conjurations
 * Level 1.0 Hexes
   Level 0.0 Charms
 * Level 1.0 Summonings
 * Level 1.0 Necromancy
 * Level 1.0 Translocations
 * Level 1.0 Transmutations
 * Level 1.0 Fire Magic
 * Level 1.0 Ice Magic
 * Level 1.0 Air Magic
 * Level 1.0 Earth Magic
 * Level 1.0 Poison Magic


You knew the following spells:

 Your Spells              Type           Power      Damage    Failure   Level
a - Slow                  Hex            12%        N/A       19%         1
Your spell library was empty.

Dungeon Overview and Level Annotations

Branches:
Dungeon (2/15)

Altars:

Annotations:
D:2 Natasha, Terence


Innate Abilities, Weirdness & Mutations

You are a filthy swine.
You move quickly.
You are flying.
Your equipment is almost entirely melded.
You are incapable of wielding weapons or throwing items.
You cannot cast spells.
You are immune to sickness and miasma.
You are immune to poison.
((Your flesh is very heat resistant. (rF++)))
((You are very vulnerable to cold. (rC--)))
You float through the air rather than walking.
You learn spells naturally, not from books.
Your magical power is your life essence.
You have superior vitality. (+4 MHP)
((You are partially covered in iridescent scales. (AC +2)))


Message History

Your Air Magic skill increases to level 1!
Your Earth Magic skill increases to level 1!
Your Poison Magic skill increases to level 1!
Unknown command.
Terence the Incautious comes into view.
He is wielding a +0 flail and carrying a wand of polymorph.
Terence shouts!
Casting: Slow (safe; 24% risk of failure)
Confirm with . or Enter, or press ? or * to list all spells.
You don't know that spell.
Found 2 yellow potions.
Terence barely misses you.
You closely miss Terence. Terence completely misses you.
You slash Terence!
Terence seems to speed up.
Terence is heavily wounded.
Terence closely misses you.
Terence zaps a wand.
You turn into a filthy swine.
Your +0 falchion of chaos melds into your body.
Your +2 leather armour melds into your body.
You completely miss Terence.
Terence is heavily wounded.
Terence barely misses you.
You hit Terence.
Terence is severely wounded.
Terence hits you with a +0 flail.
You hit Terence but do no damage.
Terence is severely wounded.
Terence completely misses you. Terence hits you with a +0 flail.
You hit Terence.
Terence is almost dead.
Terence hits you with a +0 flail!
You hit Terence but do no damage.
Terence is almost dead.
Terence closely misses you. Terence hits you with a +0 flail.
* * * LOW HITPOINT WARNING * * *
You hit Terence but do no damage.
Terence is severely wounded.
Terence shouts, "DIE!!!"
Terence closely misses you.
You barely miss Terence.
Terence is severely wounded.
Terence hits you with a +0 flail.
You die...

...... >....# #.# ##.#.#
#.# ...#.# #.# ####.#
#.# #.# #.# #)##### #.#
####.....###.###########
..........##.##.h@...≈≈~
########.....##.####..!≈
##.......# . #########


You could see Terence (fast).

Vanquished Creatures
  An adder (D:2)
  A dart slug (D:2)
  2 endoplasms
  A goblin (D:2)
  2 hobgoblins (D:1)
  4 jackals (D:2)
  2 kobolds (D:1)
  A quokka (D:1)
  A ball python (D:1)
  4 bats
  3 frilled lizards
  6 rats
28 creatures vanquished.

Notes
Turn   | Place    | Note
-------+----------+-------------------------------------------
     0 | D:1      | Xavori the Djinni Chaos Knight began the quest for the Orb.
     0 | D:1      | Reached XP level 1. HP: 20/20 MP: 0/0
    62 | D:1      | Reached XP level 2. HP: 21/25 MP: 0/0
   568 | D:1      | XOM: silly message
   949 | D:1      | XOM: divination: detect creatures
  2034 | D:1      | XOM: divination: detect creatures
  3340 | D:1      | XOM: divination: magic mapping
  3528 | D:1      | XOM: cloud trail
  3710 | D:1      | XOM is BORED!
  3772 | D:1      | XOM: give mutations
  3772 | D:1      | Gained mutation: You are very vulnerable to cold. (rC--)
                  | [Xom's mischief]
  3772 | D:1      | Gained mutation: You are partially covered in iridescent
                  | scales. (AC +2) [Xom's mischief]
  3892 | D:1      | XOM: noise
  3922 | D:2      | XOM: confuse monster(s)
  3924 | D:2      | Reached XP level 3. HP: 30/30 MP: 0/0
  3924 | D:2      | Learned a level 1 spell: Slow
  4138 | D:2      | Noticed Natasha
  4138 | D:2      | XOM: 3-stop teleportation journey
  4169 | D:2      | Reached skill level 1 in Spellcasting
  4169 | D:2      | Reached skill level 1 in Conjurations
  4169 | D:2      | Reached skill level 1 in Hexes
  4169 | D:2      | Reached skill level 1 in Summonings
  4169 | D:2      | Reached skill level 1 in Necromancy
  4169 | D:2      | Reached skill level 1 in Translocations
  4169 | D:2      | Reached skill level 1 in Transmutations
  4169 | D:2      | Reached skill level 1 in Fire Magic
  4169 | D:2      | Reached skill level 1 in Ice Magic
  4169 | D:2      | Reached skill level 1 in Air Magic
  4169 | D:2      | Reached skill level 1 in Earth Magic
  4169 | D:2      | Reached skill level 1 in Poison Magic
  4184 | D:2      | Noticed Terence
  4194 | D:2      | Slain by Terence

Illustrated notes

Levels and vault maps discovered:
D:1:      wander_arrival_peaceful_grave, layout_basic
D:2:      layout_loops_ring, serial_rivers, chequers_serial_rivers_room_b,
          chequers_serial_rivers_small_a, chequers_serial_rivers_small_a,
          chequers_serial_rivers_room_a, uniq_terence, uniq_natasha,
          uniq_crazy_yiuf_cottage

Skill      XL: |  1  2  3 |
---------------+----------+-----
Long Blades    | 3 |  3.0
Spellcasting   | 1 |  1.0
Conjurations   | 1 |  1.0
Hexes          | 1 |  1.0
Summonings     | 1 |  1.0
Necromancy     | 1 |  1.0
Translocations | 1 |  1.0
Transmutations | 1 |  1.0
Fire Magic     | 1 |  1.0
Ice Magic      | 1 |  1.0
Air Magic      | 1 |  1.0
Earth Magic    | 1 |  1.0
Poison Magic   | 1 |  1.0
Fighting       | |  3.2
Armour         | |  1.5
Dodging        | |  2.6

Action                     || total
---------------------------++-------
  Melee: Falchion          ||    81
         Punch             ||     1
         Unarmed           ||     7
   Stab: Sleeping          ||     1
 Armour: Leather armour    ||    66
         Skin              ||     5
  Dodge: Dodged            ||    69

Table legend: (Time is in decaauts)
 A = Elapsed time spent in this place.
 B = Non-inter-level travel time spent in this place.
 C = Inter-level travel time spent in this place.
 D = Time resting spent in this place.
 E = Time spent auto-exploring this place.
 F = Levels seen in this place.
 G = Mean time per level.
                   A        B        C        D        E       F      G
               +--------+--------+--------+--------+--------+-----+--------+
         Total |   4208 |   4200 |      8 |   3542 |    475 |   2 | 2104.0 |
       Dungeon |   4208 |   4200 |      8 |   3542 |    475 |   2 | 2104.0 |
               +--------+--------+--------+--------+--------+-----+--------+

Top non-repeatable levels by time:
     D:1: 3885 daAuts
     D:2: 323 daAuts
